 Seeded DCSS version 0.25-a0-435-g4b9beb1 (webtiles) character file.

Game seed: 4037872804680729407, levelgen mode: deterministic

96 Buxparty the Slasher (level 4, 0/35 HPs)
             Began as a Vampire Chaos Knight on Jan 26, 2020.
             Was a Plaything of Xom.
             Slain by a worker ant (8 damage)
             ... on level 3 of the Dungeon.
             The game lasted 00:10:11 (1876 turns).

Buxparty the Slasher (Vampire Chaos Knight)         Turns: 1876, Time: 00:10:12

Health: 0/35       AC:  5    Str: 12    XL:     4   Next: 41%
Magic:  4/4        EV: 13    Int: 14    God:    Xom [...*..]
Gold:   120        SH:  0    Dex: 13    Spells: 3/3 levels left

rFire    + . .     SeeInvis +   a - +0 falchion (chaos)
rCold    + . .     Gourm    .   (no shield)
rNeg     . . .     Faith    .   b - +2 leather armour
rPois    .         Spirit   .   (no helmet)
rElec    .         Reflect  .   l - scarf {rC+ rF+}
rCorr    .         Harm     .   (no gloves)
MR       .....                  (no boots)
Stlth    +.........             (no amulet)
HPRegen  0.31/turn              (no ring)
MPRegen  0.09/turn              (no ring)

@: regenerating quickly
A: no food, fangs 3, see invisible, unbreathing
a: Exsanguinate, Renounce Religion


You were on level 3 of the Dungeon.
You worshipped Xom.
You were a favourite toy of Xom.
You were alive.

You visited 1 branch of the dungeon, and saw 3 of its levels.

You collected 120 gold pieces.

Inventory:

Hand Weapons
 a - a +0 falchion of chaos (weapon)
Missiles
 d - 25 sling bullets
 j - 15 poisoned darts (quivered)
Armour
 b - a +2 leather armour (worn)
 l - a scarf of resistance (worn)
Scrolls
 e - 3 scrolls of identify {unknown}
 f - a scroll of enchant armour {unknown}
 g - a scroll of remove curse {unknown}
 h - a scroll of enchant weapon {unknown}
 n - a scroll of teleportation {unknown}
 p - a scroll of immolation {unknown}
Potions
 c - a potion of magic {unknown}
 i - a potion of flight {unknown}
 k - 2 potions of curing {unknown}
 m - a potion of agility {unknown}
 o - a potion of lignification {unknown}
 q - a potion of invisibility {unknown}


   Skills:
 + Level 3.5 Fighting
 + Level 3.8 Long Blades
 - Level 0.7 Armour
 + Level 3.4 Dodging


You had 3 spell levels left.
You didn't know any spells.
Your spell library was empty.

Dungeon Overview and Level Annotations

Branches:
Dungeon (3/15)

Altars:
Ashenzari
The Shining One


Innate Abilities, Weirdness & Mutations

You do not eat.
Your natural rate of healing is unusually fast.
You have razor-sharp teeth.
You have supernaturally acute eyesight. (SInv)
You can survive without breathing.


Message History

The worker ant is lightly wounded.
The worker ant bites you.
You hit the worker ant but do no damage.
The worker ant seems to speed up.
Xom thinks this is hilarious!
The worker ant is lightly wounded.
The worker ant closely misses you. x2; You riposte.
You hit the worker ant but do no damage.
The worker ant seems to grow stronger.
The worker ant is lightly wounded.
You closely miss the worker ant.
The worker ant is lightly wounded.
The worker ant bites you. The worker ant bites you!
* * * LOW HITPOINT WARNING * * *
Your leather armour prevents you from hitting the worker ant.
Your bite misses the worker ant.
The worker ant is lightly wounded.
The worker ant barely misses you. The worker ant bites you!
You die...
Xom bursts into laughter!

######### #.# #.......# #..
#.##.##†####.###
##########.#.#.#........# #
#.............#)..###$..##.##.
.#####.#..##.##..###.#... ..
#. #.#.............#.##.# #.
#.#..#####@.##.).....# #.
#.#.#.###)#a##.##.#### #...
#.#####.#.##.#)##...<...# #...
#.........###.#####.###.##
#... .#.###.#.......##..##
##.## #... #..###.#.......#..#
##.####... #.....#..........#
#........ #.#####...>......##
##........ #.# #...........#..
#.........


You could see a worker ant.

Vanquished Creatures
  5 adders
  3 dart slugs
  4 orcs (D:3)
  7 bats
  3 giant cockroaches
  3 goblins
  5 hobgoblins
  2 quokkas (D:2)
  A ball python (D:1)
  2 frilled lizards
  5 kobolds
  A rat (D:2)
41 creatures vanquished.

Vanquished Creatures (collateral kills)
  A frilled lizard (D:2)
1 creature vanquished.

Grand Total: 42 creatures vanquished

Notes
Turn   | Place    | Note
-------+----------+-------------------------------------------
     0 | D:1      | Buxparty the Vampire Chaos Knight began the quest for the
                  | Orb.
     0 | D:1      | Reached XP level 1. HP: 17/17 MP: 1/1
   210 | D:1      | Reached XP level 2. HP: 23/23 MP: 2/2
   299 | D:1      | XOM: divination: magic mapping
   487 | D:1      | XOM: harmless Necr miscast
   755 | D:2      | Reached XP level 3. HP: 28/29 MP: 3/3
   761 | D:2      | You fall into a shaft and drop 1 floor!
   826 | D:2      | XOM: confuse monster(s)
   978 | D:2      | Found a shattered altar of Ashenzari.
  1315 | D:2      | XOM: divination: detect creatures
  1429 | D:2      | Reached XP level 4. HP: 34/35 MP: 4/4
  1436 | D:2      | Found a glowing golden altar of the Shining One.
  1729 | D:3      | XOM: 2-stop teleportation journey
  1731 | D:3      | XOM: enchant monster (bad)
  1854 | D:3      | XOM: polymorph orc priest -> worker ant
  1876 | D:3      | Slain by a worker ant

Levels and vault maps discovered:
D:1:      minmay_arrival_loop, layout_loops_ring, minmay_pentomino_u4
D:2:      layout_loops_ring, nicolae_ashenzari_panopticon,
          nicolae_tso_swordbearing_angel, minmay_misc_feat_encased
D:3:      layout_loops_cross

Skill      XL: |  1  2  3 |
---------------+----------+-----
Fighting       | 3 |  3.5
Dodging        | 3 |  3.4
Long Blades    | |  3.8
Armour         | |  0.7

Action                   |  1- 3 |  4- 6 || total
-------------------------+-------+-------++-------
Melee: Falchion          |    99 |    32 ||   131
       Bite              |     7 |     8 ||    15
 Stab: Paralysed         |     3 |       ||     3
       Sleeping          |     1 |     1 ||     2
Armor: Leather armour    |    32 |    21 ||    53
Dodge: Dodged            |    75 |    51 ||   126
       Rpst.: Falchion   |    20 |    18 ||    38

Table legend:
 A = Non-vault XP
 B = Vault XP
 C = Vault XP percentage of total XP
 D = Non-vault monster count
 E = Vault monster count
 F = Vault count percentage of total count
                 A         B        C        D         E       F
            +---------+---------+-------+---------+---------+-------
      Total |     136 |       2 |   1.4 |      41 |       1 |   2.4
            +---------+---------+-------+---------+---------+-------
        D:1 |      20 |       2 |   9.1 |       9 |       1 |  10.0
        D:2 |      86 |       0 |   0.0 |      23 |       0 |   0.0
        D:3 |      30 |       0 |   0.0 |       9 |       0 |   0.0
            +---------+---------+-------+---------+---------+-------
